AoeStats
← JarudO

Arabia

509323330Analyzed
1v1 RM · 7d ago on Sep 26, 2026· 51m 35s· 2 players
Game mode
Random Map
Map size
Tiny (2 player)
Population
200
Speed
Normal
Resources
Standard
Victory
Conquest
Starting age
Dark Age
Ending age
Imperial Age
RankedLock teamsTeams togetherTeam positionsShared explorationLock speedFull tech treeHidden civsTurbo modeCheats
Victory
Defeat
🇩🇪 Saxons · Germany
1186
+17
🇹🇷 Gurjaras · Türkiye
1204
-17
JarudO
7:39 Loom
10:04 Feudal Age
14:27 Castle Age
14:19 Double-Bit Axe
18:29 Scale Mail Armor
Enkidu
6:29 Loom
9:14 Feudal Age
9:47 Double-Bit Axe
9:45 Horse Collar
17:23 Castle Age
16:18 Gold Mining
16:59 Stone Mining
18:29 Heavy Plow
18:41 Bow Saw
21:27 Forging
35:45 Fletching
51:47 Murder Holes
Connection lost

Rejoining the realm…

Still unreachable

The connection could not be restored.

Session expired

The server has moved on; the page needs a fresh start.